 Dungeon Crawl Stone Soup version 0.29.0-7-g18a832c13a (console) character file.

Game seed: 4518798849889069548

276 Olga the Slasher (level 6, -3/47 HPs)
             Began as a Vampire Gladiator on Aug 31, 2022.
             Slain by Crazy Yiuf
             ... wielding a +4 quarterstaff of chaos
              (9 damage)
             ... on level 2 of the Dungeon.
             The game lasted 00:03:27 (1585 turns).

Olga the Slasher (Vampire Gladiator)                Turns: 1585, Time: 00:03:28

Health: -3/47      AC:  6    Str: 13    XL:     6   Next: 4%
Magic:  6/6        EV: 12    Int: 11    God:
Gold:   56         SH:  0    Dex: 17    Spells: 5/5 levels left

rFire   . . .      SeeInvis +   a - +0 long sword
rCold   . . .      Faith    .   (no shield)
rNeg    . . .      Spirit   .   f - +0 ring mail
rPois   .          Reflect  .   c - +0 helmet
rElec   .          Harm     .   (no cloak)
rCorr   .          Rampage  .   (no gloves)
Will    .....                   (no boots)
Stlth   +.........              (no amulet)
HPRegen 0.35/turn               (no ring)
MPRegen 0.10/turn               (no ring)

@: healing quickly
A: alive, fangs 3, see invisible, vampiric 2
a: Exsanguinate


You were on level 2 of the Dungeon.
You visited 1 branch of the dungeon, and saw 2 of its levels.

You collected 56 gold pieces.

Inventory:

Hand Weapons
 a - a +0 long sword (weapon)
Missiles
 d - 3 throwing nets (quivered)
 e - a javelin
 i - 3 atropa-tipped darts
 m - 4 poisoned darts
Armour
 c - a +0 helmet (worn)
 f - a +0 ring mail (worn)
Scrolls
 g - 2 scrolls of vulnerability
 h - 2 scrolls of butterflies
 o - a scroll of fear
Potions
 j - a potion of curing
 k - a potion of might
 l - a potion of heal wounds


   Skills:
 + Level 3.2 Fighting
 * Level 5.2 Long Blades
 - Level 1.5 Throwing
 + Level 4.7 Dodging


You had 5 spell levels left.
You didn't know any spells.
Your spell library was empty.

Dungeon Overview and Level Annotations

Branches:
Dungeon (2/15)

Altars:

Annotations:
D:2 Crazy Yiuf


Innate Abilities, Weirdness & Mutations

Your natural rate of healing is accelerated.
You have razor-sharp teeth.
You have supernaturally acute eyesight. (SInv)
You are afflicted with vampirism and can become a bat while bloodless.


Message History

The hobgoblin barely misses you.
You barely miss the hobgoblin. You bite the hobgoblin.
The hobgoblin is almost dead.
The hobgoblin hits you but does no damage.
You slash the hobgoblin!
You kill the hobgoblin!
No target in view!
You see here a ball python corpse.
You see here a +0 quarterstaff.
You see here a +0 dagger.
You see here a +0 dagger.
Things that are here:
a +0 scythe of protection; a +0 robe
There is a stone staircase leading down here.
You open the door. You hit Crazy Yiuf but do no damage.
You bite Crazy Yiuf, but do no damage. Crazy Yiuf barely misses you. x2
You closely miss Crazy Yiuf. Crazy Yiuf barely misses you.
You hit Crazy Yiuf. You bite Crazy Yiuf.
Crazy Yiuf is moderately wounded.
Crazy Yiuf hits you with a +4 quarterstaff of chaos!
Crazy Yiuf burns you.
You closely miss Crazy Yiuf. Your bite misses Crazy Yiuf.
Crazy Yiuf is moderately wounded.
Crazy Yiuf hits you with a +4 quarterstaff of chaos.
You convulse.
You hit Crazy Yiuf.
Crazy Yiuf is moderately wounded.
Crazy Yiuf barely misses you.
You barely miss Crazy Yiuf. Your bite misses Crazy Yiuf.
Crazy Yiuf is moderately wounded.
Crazy Yiuf completely misses you.
Crazy Yiuf hits you with a +4 quarterstaff of chaos!
You convulse!
* * * LOW HITPOINT WARNING * * *
You completely miss Crazy Yiuf.
Crazy Yiuf is moderately wounded.
Crazy Yiuf yells, "Dawk!
Shower forty-two pontify."
Crazy Yiuf hits you with a +4 quarterstaff of chaos!
You die...

####### #.###
#...#### ###....#
####.# ##### #..
#)..# #.. #...#
######.. ... #......#
#g# ##.###### #@##
#..###### ##.#
#.##..... #.##
####..<..... ####
##.# #......#....
##..# ##.##
#....####### ##...#
##...# #....# #<...#
#....# #....# #....#
#....# #....#
#....#####..####>...#
#.......%.......#####


You could see Crazy Yiuf.

Vanquished Creatures
  Sigmund (D:2)
  A jelly (D:1)
  4 adders (D:2)
  3 worms
  2 dart slugs
  7 endoplasms
  8 giant cockroaches
  3 goblins
  4 hobgoblins
  2 jackals (D:1)
  3 ball pythons
  2 bats
  4 frilled lizards
  2 kobolds
  2 rats (D:1)
48 creatures vanquished.

Vanquished Creatures (others)
  A kobold (D:2)
1 creature vanquished.

Grand Total: 49 creatures vanquished

Notes
Turn   | Place    | Note
-------+----------+-------------------------------------------
     0 | D:1      | Olga the Vampire Gladiator began the quest for the Orb.
     0 | D:1      | Reached XP level 1. HP: 16/16 MP: 1/1
     1 | D:1      | Found a runed translucent door.
    31 | D:1      | Noticed a jelly
    40 | D:1      | Killed a jelly
    41 | D:1      | Reached XP level 2. HP: 17/22 MP: 2/2
    41 | D:1      | Gained mutation: You are afflicted with vampirism and can
                  | become a bat while bloodless. [Vampire growth]
    41 | D:1      | Reached XP level 3. HP: 21/27 MP: 3/3
   765 | D:1      | Reached skill level 4 in Long Blades
   901 | D:2      | Reached XP level 4. HP: 20/34 MP: 4/4
  1022 | D:2      | Noticed Sigmund
  1038 | D:2      | Killed Sigmund
  1039 | D:2      | Reached skill level 5 in Long Blades
  1039 | D:2      | Reached XP level 5. HP: 41/41 MP: 5/5
  1302 | D:2      | Found a runed translucent door.
  1303 | D:2      | Noticed Crazy Yiuf
  1369 | D:2      | Reached XP level 6. HP: 41/47 MP: 6/6
  1585 | D:2      | Slain by Crazy Yiuf

Illustrated notes

Levels and vault maps discovered:
D:1:      dpeg_arrival_caged_fury, layout_basic
D:2:      layout_rooms, uniq_sigmund, uniq_crazy_yiuf_cottage

Skill      XL: |  1  2  3  4 |
---------------+-------------+-----
Fighting       | 2 3 |  3.2
Long Blades    | 4 5 |  5.2
Dodging        | 4 |  4.7
Throwing       | |  1.5

Action                   |  1- 3 |  4- 6 || total
-------------------------+-------+-------++-------
Melee: Long sword        |    72 |    75 ||   147
       Bite              |    10 |    11 ||    21
       Punch             |     1 |       ||     1
  Use: Scroll            |     6 |     3 ||     9
       Potion            |       |     1 ||     1
 Stab: Sleeping          |     1 |       ||     1
       Invisible         |       |     4 ||     4
Armor: Ring mail         |    39 |    20 ||    59
Dodge: Dodged            |    47 |    61 ||   108
